 Dungeon Crawl Stone Soup version 0.29.1-1-gd02db6906a (webtiles) character file.

Game seed: 730352090897888493

1540 lonewolfV2 the Trooper (level 8, -15/52 HPs)
             Began as a Gargoyle Berserker on Oct 16, 2022.
             Was a Priest of Trog.
             Demolished by an ogre
             ... wielding a +0 giant spiked club
              (43 damage)
             ... on level 6 of the Dungeon.
             The game lasted 00:09:12 (8789 turns).

lonewolfV2 the Trooper (Gargoyle Berserker)         Turns: 8789, Time: 00:09:12

Health: -15/52     AC: 15    Str: 21    XL:     8   Next: 86%
Magic:  8/8        EV:  9    Int:  8    God:    Trog [***...]
Gold:   377        SH:  0    Dex: 11    Spells: 7/7 levels left

rFire   + . .      SeeInvis .   f - +3 hand axe (chaos)
rCold   x . .      Faith    .   (no shield)
rNeg    + + .      Spirit   .   t - +0 chain mail
rPois   ∞          Reflect  .   (no helmet)
rElec   +          Harm     .   (no cloak)
rCorr   .          Rampage  .   (no gloves)
Will    .....                   (no boots)
Stlth   ..........              (no amulet)
HPRegen 0.17/turn               n - ring of positive energy
MPRegen 0.11/turn               o - ring of fire

@: no status effects
A: sickness immunity, AC +5, negative energy resistance 1, electricity
resistance, torment resistance 1, petrification resistance
a: Renounce Religion, Berserk, Trog's Hand


You were on level 6 of the Dungeon.
You worshipped Trog.
Trog was most pleased with you.
You visited 2 branches of the dungeon, and saw 7 of its levels.

You collected 377 gold pieces.

Inventory:

Hand Weapons
 a - a +0 mace
 f - a +3 hand axe of chaos (weapon)
Armour
 t - a +0 chain mail (worn)
Jewellery
 n - a ring of positive energy (left hand)
 o - a ring of fire (right hand)
Wands
 h - a wand of paralysis (12) (quivered)
Scrolls
 b - a scroll of teleportation
 d - 3 scrolls of fear
 k - a scroll of enchant weapon
 l - 2 scrolls of identify
Potions
 c - a potion of mutation
 e - a potion of brilliance {unknown}
 g - 2 potions of curing
 i - 2 potions of magic {unknown}
 j - a potion of invisibility {unknown}
 m - a potion of haste {unknown}
 p - 5 potions of attraction
 q - a potion of resistance {unknown}
 r - a potion of berserk rage {unknown}
 s - 2 potions of lignification
 u - a potion of heal wounds {unknown}


   Skills:
 * Level 6.3 Fighting
 * Level 5.8(6.1) Axes
 - Level 3.2(5.2) Maces & Flails
 + Level 5.5 Armour
 * Level 4.3 Dodging


You had 7 spell levels left.
You didn't know any spells.
Your spell library was empty.

Dungeon Overview and Level Annotations

Branches:
Dungeon (6/15)             Temple (1/1) D:5

Altars:
Cheibriados
Dithmenos
Kikubaaqudgha
Makhleb
Nemelex Xobeh
Okawaru
Ru
Uskayaw
Vehumet
Xom
Yredelemnul
Zin

Shops:
D:4 *   D:5 :   D:6 *


Innate Abilities, Weirdness & Mutations

You are immune to sickness and miasma.
Your stone body is resilient. (AC +5)
You are immune to poison.
You resist negative energy. (rN+)
You are resistant to electric shocks. (rElec)
You are resistant to unholy torment.
You are immune to petrification.


Message History

The steam dragon is poisoned.
The steam dragon is lightly wounded.
The steam dragon closely misses you. x2
You hit the steam dragon.
Lightning courses through the steam dragon!
The steam dragon is severely wounded.
The steam dragon breathes steam at you. The ball of steam hits you. You resist.
You hit the steam dragon.
You feel better.
The steam dragon is almost dead.
The steam dragon bites you.
The steam dragon claws you but does no damage.
You slash the steam dragon! You freeze the steam dragon.
You kill the steam dragon!
Trog accepts your kill.
The steam dragon scales are intact enough to wear.
Things that are here:
+0 steam dragon scales; a steam dragon corpse
Things that are here:
+0 steam dragon scales; a steam dragon corpse
Items here: ))) [ ††.
Found a short sword.
An ogre comes into view. It is wielding a +0 giant spiked club.
The ogre shouts!
You see here a scroll of teleportation.
You barely miss the ogre. The ogre completely misses you.
You hit the ogre.
The ogre seems to speed up.
The ogre is lightly wounded.
The ogre barely misses you.
You slash the ogre!
The ogre is moderately wounded.
The ogre hits you with a +0 giant spiked club!
You slash the ogre!
The ogre goes berserk!
The ogre is heavily wounded.
The ogre hits you with a +0 giant spiked club!
You slash the ogre!
Nothing appears to happen.
The ogre is almost dead.
The ogre hits you with a +0 giant spiked club!!!
Ouch! That really hurt!
You die...

...########...#####
######
..........#8.8#
######
..........#...#######
..........#8.♣#.....#
..........#...#.....#
.#.#>.....#8.8#.....#
.#.#.######...#.....#
)#...# #8.8#.O...#
)##### #...#.@...# .#
#8.♣#..?..# .#
#...#.....# .####
#8.8#.....# ....#
#...#....$# ###.#
#8.♣##.#### ###.#
#.).#..# ....#
##....## ##### ######


You could see an ogre (berserk, fast).

Vanquished Creatures
  Sigmund (D:3)
  Eustachio (D:5)
  A steam dragon (D:6)
  A water moccasin (D:5)
  Duvessa (D:4)
  A phantom (D:5)
  3 scorpions
  Dowan (D:4)
  A howler monkey (D:4)
  3 hounds
  2 orc priests
  2 iguanas
  A jelly (D:5)
  Jessica (D:2)
  4 orc wizards (D:6)
  Ijyb (D:3)
  Natasha (D:2)
  3 adders
  A shadow imp (D:5)
  A white imp (D:5)
  An adder zombie (D:4)
  A worm (D:2)
  2 dart slugs
  13 orcs
  9 ball pythons
  11 endoplasms
  3 giant cockroaches
  8 goblins
  4 hobgoblins
  5 jackals
  4 quokkas
  3 bats
  7 frilled lizards
  9 kobolds
  A quokka zombie (D:4)
  6 rats
118 creatures vanquished.

Vanquished Creatures (others)
  A jackal (D:2)
  2 plants (D:2)
3 creatures vanquished.

Grand Total: 121 creatures vanquished

Notes
Turn   | Place    | Note
-------+----------+-------------------------------------------
     0 | D:1      | lonewolfV2 the Gargoyle Berserker began the quest for the
                  | Orb.
     0 | D:1      | Reached XP level 1. HP: 14/14 MP: 1/1
   295 | D:1      | Reached XP level 2. HP: 5/19 MP: 2/2
  1340 | D:1      | Reached XP level 3. HP: 19/23 MP: 3/3
  2074 | D:2      | Found a hide-covered altar of Uskayaw.
  2499 | D:2      | Noticed Jessica
  2508 | D:2      | Killed Jessica
  2509 | D:2      | Reached skill level 1 in Axes
  2509 | D:2      | Reached XP level 4. HP: 3/29 MP: 4/4
  3072 | D:2      | Reached ** piety under Trog
  3715 | D:2      | Found a faded altar of an unknown god.
  3802 | D:2      | Noticed Natasha
  3808 | D:2      | Killed Natasha
  3809 | D:2      | Reached skill level 4 in Fighting
  3809 | D:2      | Reached XP level 5. HP: 12/33 MP: 5/5
  4479 | D:3      | Noticed Sigmund
  4498 | D:3      | Killed Sigmund
  4499 | D:3      | Reached XP level 6. HP: 23/39 MP: 6/6
  5165 | D:3      | Noticed Ijyb
  5176 | D:3      | Paralysed by Ijyb for 4 turns
  5182 | D:3      | Killed Ijyb
  5246 | D:3      | Found a radiant altar of Vehumet.
  5417 | D:3      | Found a hide-covered altar of Uskayaw.
  5549 | D:4      | Found Uchux's Assorted Antiques.
  5668 | D:4      | Reached XP level 7. HP: 32/44 MP: 7/7
  6107 | D:4      | Noticed Dowan
  6109 | D:4      | Noticed Duvessa
  6126 | D:4      | Killed Duvessa
  6127 | D:4      | Reached skill level 5 in Fighting
  6145 | D:4      | Killed Dowan
  6633 | D:4      | Found a basalt altar of Yredelemnul.
  6935 | D:4      | Found a glowing silver altar of Zin.
  6935 | D:4      | Found a sacrificial altar of Ru.
  6963 | D:5      | Entered Level 5 of the Dungeon
  6999 | D:5      | Noticed Eustachio
  7010 | D:5      | Killed Eustachio
  7010 | D:5      | Reached *** piety under Trog
  7011 | D:5      | Reached XP level 8. HP: 50/50 MP: 8/8
  7013 | D:5      | Reached skill level 5 in Armour
  7021 | D:5      | Reached skill level 5 in Axes
  7383 | D:5      | Found a burning altar of Makhleb.
  7412 | D:5      | Found a staircase to the Ecumenical Temple.
  7420 | Temple   | Entered the Ecumenical Temple
  7440 | D:5      | Found Batrigunt's Book Emporium.
  7699 | D:5      | Found a shadowy altar of Dithmenos.
  8153 | D:6      | Reached skill level 6 in Fighting
  8407 | D:6      | Found Icvuron's Assorted Antiques.
  8789 | D:6      | Demolished by an ogre

Illustrated notes

Levels and vault maps discovered:
D:1:      elethiomel_arrival_infinity_welcomes_careful_drivers, layout_basic
D:2:      layout_basic, basic_altar, shapermc_ecumenical_altar_mp_vishouse,
          serial_bayou_ford_a, kennysheep_generic_room_11, uniq_natasha,
          uniq_jessica
D:3:      layout_rooms, general_overflow_altar, mainiacjoe_overflow_brackets,
          kennysheep_generic_room_9, uniq_ijyb, uniq_sigmund
D:4:      layout_loops_corners, lemuel_zombie_altar_yredelemnul,
          gammafunk_temple_overflow_statue, serial_shops, kennysheep_mini_moat,
          uniq_duvessa
D:5:      layout_loops_ring, mainiacjoe_overflow_alcove_4,
          grunt_dithmenos_smoke_and_mirrors, minmay_temple_entry_trees,
          serial_shops, shop, uniq_eustachio
D:6:      lemuel_ice_spiral_2, layout_basic, serial_shops, nicolae_diamond_shop,
          chequers_avenue
Temple:   nicolae_temple_ecumenical_triangle

Skill      XL: |  1  2  3  4  5  6  7  8 |
---------------+-------------------------+-----
Dodging        | 2 3 4 |  4.3
Axes           | 1 3 4 5 |  5.8
Armour         | 3 4 5 |  5.5
Fighting       | 4 5 6 |  6.3
Maces & Flails | |  3.2

Action                   |  1- 3 |  4- 6 |  7- 9 || total
-------------------------+-------+-------+-------++-------
Melee: Mace              |    32 |       |       ||    32
       Punch             |     3 |     1 |     4 ||     8
       Hand axe          |    54 |   114 |   174 ||   342
Invok: Berserk           |       |     1 |     2 ||     3
       Trog's Hand       |       |       |     1 ||     1
  Use: Scroll            |       |     4 |     8 ||    12
Armor: Animal skin       |    32 |    25 |       ||    57
       Ring mail         |       |    23 |    43 ||    66
       Chain mail        |       |       |    52 ||    52
Dodge: Dodged            |    67 |    80 |    89 ||   236
